 Dungeon Crawl Stone Soup version 0.22-a0-265-g0d8bc90 (webtiles) character file.

362 puppykicker the Vexing (level 6, -14/44 HPs)
             Began as a Vampire Arcane Marksman on Mar 6, 2018.
             Demolished by Pikel
             ... wielding a +2 whip of electrocution
              (17 damage)
             ... on level 5 of the Dungeon.
             The game lasted 00:14:48 (4115 turns).

puppykicker the Vexing (Vampire Arcane Marksman)    Turns: 4115, Time: 00:14:49

Health: -14/44     AC:  6    Str: 11    XL:     6   Next: 39%
Magic:  18/18      EV: 12    Int: 15    God:
Gold:   292        SH:  0    Dex: 15    Spells: 3/9 levels left

rFire    . . .     SeeInvis +   w - +1 dagger (venom)
rCold    . . .     Gourm    .   (no shield)
rNeg     + . .     Faith    .   s - +0 leather armour
rPois    .         Spirit   .   (no helmet)
rElec    .         Reflect  .   (no cloak)
rCorr    .         Harm     .   (no gloves)
MR       .....                  v - +2 pair of boots of the Assassin {Detection Stab+ Stlth++}
Stlth    ++++......             (no amulet)
HPRegen  0.14/turn              g - ring of magical power
MPRegen  0.16/turn              t - ring of wizardry

@: hasted, very quick
A: fangs 3, see invisible, unbreathing
a: Bat Form


You were on level 5 of the Dungeon.
You were not thirsty.

You visited 1 branch of the dungeon, and saw 5 of its levels.

You collected 292 gold pieces.


Innate Abilities, Weirdness & Mutations

You have razor-sharp teeth.
You have supernaturally acute eyesight. (SInv)
You can survive without breathing.


   Skills:
 - Level 2.0 Fighting
 * Level 2.7 Long Blades
 - Level 3.5 Bows
 - Level 2.1 Dodging
 - Level 2.3 Stealth
 + Level 2.0 Spellcasting
 - Level 5.8 Hexes


You had 3 spell levels left.
You knew the following spells:

 Your Spells              Type           Power        Failure   Level  Hunger
a - Corona                Hex            ###....      1%          1    #......
b - Slow                  Hex            ###.....     1%          2    ###....
c - Confusing Touch       Hex            ###...       1%          1    #......
g - Apportation           Tloc           #.....       12%         1    #......
z - Animate Skeleton      Necr           N/A          12%         1    #......

Inventory:

Hand Weapons
 a - a +1 shortbow
 b - a +0 falchion
 w - a +1 dagger of venom (weapon)
Missiles
 d - 25 arrows
 u - 5 javelins (quivered)
 x - 49 poisoned needles
 y - 3 curare-tipped needles
Armour
 i - a +0 ring mail
 s - a +0 leather armour (worn)
 v - the +2 pair of boots of the Assassin (worn) {Detection Stab+ Stlth++}
   (You found it on level 4 of the Dungeon)

   It makes you much more stealthy.
Jewellery
 g - a ring of magical power (left hand)
 t - a ring of wizardry (right hand)
Wands
 r - a wand of flame (26)
Scrolls
 f - 2 scrolls of remove curse
 j - 2 scrolls of enchant armour
 k - a scroll of identify
 m - a scroll of immolation {!r}
 p - a scroll of enchant weapon
Potions
 c - a potion of agility
 e - 13 potions of blood
 h - a potion of might
 l - a potion of flight
 n - a potion of curing

Dungeon Overview and Level Annotations

Branches:
Dungeon (5/15)
 Temple: D:4-7

Altars:
Elyvilon
The Shining One

Annotations:
D:5 Pikel

#..<#
##..##
#..#.###
#.)....#
#.#....#
#..#.Z..#
#..#....#
#.##..p.#
.. ##K@##
... #..#
... ####
.)..


You could see Pikel (inner flame), a slave (inner flame) and a friendly slave
skeleton (inner flame).


Message History

* * * LOW HITPOINT WARNING * * *
Unknown command.
The slave looks more healthy.
You feel yourself speed up. Pikel misses you. The slave closely misses you.
Pikel waves his whip at you.
Okay, then.
There's nothing to close nearby.
Unknown command.
Unknown command.
Evoke which item? (* to show all) (? for menu, Esc to quit)
Aiming: Throw Flame
Aim: a slave, wearing an animal skin (severely wounded, inner flame) Really fire in your slave skeleton's direction?
Okay, then.
Unknown command.
Evoke which item? (* to show all) (? for menu, Esc to quit)
Aiming: Throw Flame
Aim: a slave, wearing an animal skin (severely wounded, inner flame)
The puff of flame hits Pikel.
Pikel is almost dead.
Unknown command.
Evoke which item? (* to show all) (? for menu, Esc to quit)
Aiming: Throw Flame
Aim: Pikel, wielding a whip of electrocution and wearing a robe (almost dead, poisoned, inner flame)
The puff of flame misses Pikel.
Okay, then.
Pikel hits you with a whip of electrocution.
* * * LOW HITPOINT WARNING * * *
You are electrocuted!
You die...

Action                   |  1- 3 |  4- 6 || total
-------------------------+-------+-------++-------
Melee: Whip              |    19 |       ||    19
       War axe           |    10 |    48 ||    58
       Bite              |     1 |    14 ||    15
       Dagger            |       |    93 ||    93
 Fire: Shortbow          |   104 |    19 ||   123
 Cast: Corona            |     1 |     3 ||     4
       Slow              |       |     7 ||     7
       Animate Skeleton  |       |     2 ||     2
Evoke: Wand              |       |     2 ||     2
  Use: Scroll            |     9 |     3 ||    12
       Potion            |     9 |    10 ||    19
 Stab: Sleeping          |     1 |     4 ||     5
       Distracted        |       |     1 ||     1
Armor: Robe              |    12 |       ||    12
       Leather armour    |     6 |    31 ||    37
Dodge: Dodged            |    73 |    81 ||   154

Vault maps used:
D:1:      mainiacjoe_arrival_reflecting_pool
D:2:      elyvilon_altar_1
D:3:      tso_metal_star
D:4:      first_ration
D:5:      old_standard_altar, uniq_crazy_yiuf_cottage, uniq_eustachio,
          uniq_menkaure, uniq_ijyb, uniq_pikel

Notes
Turn   | Place    | Note
-------+----------+-------------------------------------------
     0 | D:1      | puppykicker the Vampire Arcane Marksman began the quest for the Orb.
     0 | D:1      | Reached XP level 1. HP: 14/14 MP: 2/2
    17 | D:1      | Reached skill level 1 in Fighting
   137 | D:1      | Reached XP level 2. HP: 16/21 MP: 3/3
   145 | D:1      | Learned a level 2 spell: Slow
   150 | D:1      | Reached skill level 2 in Bows
   771 | D:2      | Reached XP level 3. HP: 23/26 MP: 4/4
  1086 | D:2      | Found a white marble altar of Elyvilon.
  1096 | D:2      | Reached skill level 5 in Hexes
  1582 | D:3      | Reached XP level 4. HP: 11/33 MP: 5/5
  1658 | D:3      | Found a glowing golden altar of the Shining One.
  2149 | D:4      | Found the +2 pair of boots of the Assassin {Detection Stab+ Stlth++}
  2149 | D:4      | Reached skill level 2 in Fighting
  2397 | D:3      | Reached skill level 3 in Bows
  2397 | D:3      | Reached skill level 1 in Stealth
  2482 | D:3      | HP: 2/33 [orc wizard/puff of frost (9)]
  2601 | D:3      | Reached XP level 5. HP: 37/38 MP: 6/6
  2736 | D:4      | Reached skill level 2 in Stealth
  2852 | D:4      | Learned a level 1 spell: Animate Skeleton
  2854 | D:4      | Learned a level 1 spell: Apportation
  2856 | D:4      | Learned a level 1 spell: Confusing Touch
  3082 | D:4      | Reached skill level 1 in Long Blades
  3213 | D:4      | Noticed an ogre
  3229 | D:4      | Killed an ogre
  3229 | D:4      | Reached skill level 2 in Long Blades
  3229 | D:4      | Reached XP level 6. HP: 44/44 MP: 8/8
  3490 | D:5      | Entered Level 5 of the Dungeon
  3530 | D:5      | Noticed a slave
  3532 | D:5      | Noticed a slave
  3535 | D:5      | Noticed Pikel
  3537 | D:5      | Noticed a slave
  3559 | D:5      | Reached skill level 2 in Spellcasting
  3570 | D:5      | Killed a slave
  3877 | D:5      | Killed a slave
  3892 | D:5      | Killed a slave
  4081 | D:5      | Noticed a slave
  4103 | D:5      | HP: 3/44 [slave[Pikel] (6)]
  4115 | D:5      | HP: 3/44 [Pikel/whip of electrocution (1)]
  4115 | D:5      | Demolished by Pikel

Vanquished Creatures
  3 slaves (D:5)
  An ogre (D:4)
  A howler monkey (D:3)
  2 iguanas
  2 orc wizards
  3 adders
  2 adder skeletons (D:4)
  A worm (D:4)
  A dart slug (D:5)
  4 leopard geckos
  16 orcs
  8 bats
  3 giant cockroaches
  3 goblins
  2 hobgoblins
  5 jackals (D:2)
  4 kobolds
  4 quokkas
  A ball python (D:2)
  4 frilled lizards
  A leopard gecko skeleton (D:4)
  6 rats
77 creatures vanquished.
